 Seeded DCSS version 0.29.1-15-g9cfb28693d (webtiles) character file.

Game seed: 1 (custom seed)

7557 Kazon the Carver (level 11, -4/86 HPs)
             Began as a Barachi Fighter on Apr 11, 2023.
             Was an Elder of Okawaru.
             Killed from afar by an electric eel (5 damage)
             ... with a bolt of electricity
             ... on level 10 of the Dungeon on Apr 12, 2023.
             The game lasted 00:39:19 (7514 turns).

Kazon the Carver (Barachi Fighter)                  Turns: 7514, Time: 00:39:19

Health: -4/86      AC: 14    Str: 14    XL:     11   Next: 17%
Magic:  13/13      EV: 28    Int: 11    God:    Okawaru [****..]
Gold:   588        SH:  5    Dex: 13    Spells: 10/10 levels left

rFire   + . .      SeeInvis .   e - +2 dagger (venom)
rCold   + + .      Faith    .   c - +0 buckler
rNeg    + + +      Spirit   .   E - +3 leather armour {rC+}
rPois   .          Reflect  .   l - +0 helmet
rElec   .          Harm     .   f - +1 cloak of Doampir {Rampage rF+ rN+++ Str-4}
rCorr   .          Rampage  +   (no gloves)
Will    .....                   o - +2 pair of boots
Stlth   +++.......              g - amulet of the acrobat
HPRegen 0.24/turn               C - ring of protection from cold
MPRegen 0.13/turn               (no ring)

@: acrobatic, slow
A: amphibious, slowness 1, strong legs 1, +LOS
a: Hop, Renounce Religion, Heroism, Finesse


You were on level 10 of the Dungeon.
You worshipped Okawaru.
Okawaru was greatly pleased with you.
You visited 2 branches of the dungeon, and saw 11 of its levels.

You collected 630 gold pieces.
You spent 42 gold pieces at shops.

Inventory:

Hand Weapons
 e - a +2 dagger of venom (weapon)
 y - a +1 long sword of protection
Missiles
 k - 8 stones
 m - 13 boomerangs (quivered)
 s - a throwing net
 A - 3 curare-tipped darts
 I - 8 poisoned darts
Armour
 c - a +0 buckler (worn)
 f - the +1 cloak of Doampir (worn) {Rampage rF+ rN+++ Str-4}
   (You acquired it on level 1 of the Dungeon)

   Str:       It affects your strength (-4).
   rF:        It protects you from fire.
   rN:        It renders you almost immune to negative energy.
   Rampage:   It bestows one free step when moving towards enemies.
 l - a +0 helmet (worn)
 o - a +2 pair of boots (worn)
 E - a +3 leather armour of cold resistance (worn)
Jewellery
 g - an amulet of the acrobat (around neck)
 C - a ring of protection from cold (left hand)
 L - a ring of protection from cold
Wands
 n - a wand of mindburst (15)
 z - a wand of roots (6)
 B - a wand of paralysis (15)
 D - a wand of flame (13)
Scrolls
 h - a scroll of summoning {unknown}
 i - 13 scrolls of identify
 p - a scroll of poison {unknown}
 r - 3 scrolls of fog {unknown}
 u - a scroll of magic mapping {unknown}
 v - 2 scrolls of noise {unknown}
 w - 3 scrolls of teleportation
 x - 2 scrolls of immolation {unknown}
 G - 2 scrolls of enchant weapon {unknown}
 H - 2 scrolls of fear
 M - a scroll of amnesia {unknown}
Potions
 a - 2 potions of ambrosia {unknown}
 b - 4 potions of berserk rage {unknown}
 d - 2 potions of might
 j - 2 potions of flight
 q - 2 potions of haste {unknown}
 t - 5 potions of lignification {unknown}
 F - 2 potions of cancellation {unknown}
 J - 2 potions of curing
Miscellaneous
 K - a condenser vane


   Skills:
 + Level 7.9 Fighting
 + Level 5.6(7.7) Short Blades
 + Level 8.8(9.7) Long Blades
 + Level 6.2 Throwing
 + Level 7.6 Armour
 + Level 5.6 Dodging
 + Level 6.3 Stealth
 + Level 6.9 Shields
 * Level 3.7 Invocations
 * Level 4.2 Evocations


You had 10 spell levels left.
You didn't know any spells.
Your spell library contained the following spells:

 Spells                   Type           Power      Damage    Failure   Level
 Apportation              Tloc           0%         N/A       47%         1
 Magic Dart               Conj           0%         1d3       47%         1
 Necrotise                Necr           0%         1d4       47%         1
 Sting                    Tmut/Pois      0%         1d3       47%         1
 Poisonous Vapours        Pois/Air       0%         N/A       63%         2
 Mephitic Cloud           Conj/Pois/Air  0%         N/A       85%         3
 Ozocubu's Armour         Ice            0%         N/A       85%         3
 Olgreb's Toxic Radiance  Pois           0%         N/A       99%         4
 Fireball                 Conj/Fire      0%         3d3       100%        5
 Iskenderun's Battlesphe  Conj           0%         2d6       100%        5
 Metabolic Englaciation   Hex/Ice        0%         N/A       100%        5
 Conjure Ball Lightning   Conj/Air       0%         3x3d6     100%        6
 Orb of Destruction       Conj           0%         9d5       100%        7
 Summon Small Mammal      Summ           Unusable   N/A       N/A         1
 Call Imp                 Summ           Unusable   N/A       N/A         2
 Simulacrum               Ice/Necr       Unusable   N/A       N/A         6

Dungeon Overview and Level Annotations

Branches:
Dungeon (10/15)            Temple (1/1) D:7            Lair (0/5) D:10
    Orc: D:9-12

Altars:
Ashenzari
Dithmenos
Elyvilon
Fedhas
Gozag
Hepliaklqana
Makhleb
Nemelex Xobeh
Okawaru
Qazlal
Uskayaw
Xom

Shops:
D:3 (   D:8 ?(==


Innate Abilities, Weirdness & Mutations

You are amphibious.
You cover ground slowly.
You can hop short distances.
You have an extended range of vision and can be seen from far away.


Message History

The hound bites you.
* * * LOW HITPOINT WARNING * * *
You barely miss the hound.
The hound is severely wounded.
You block the hound's attack. The acid dragon spits acid at you.
The splash of acid misses you.
You barely miss the acid dragon.
The acid dragon is severely wounded.
The hound bites you but does no damage.
As you read the scroll of teleportation, it crumbles to dust.
You feel strangely unstable. The acid dragon misses you.
The acid dragon claws you.
* * * LOW HITPOINT WARNING * * *
The hound bites you but does no damage. The hound misses you.
The hound bites you.
* * * LOW HITPOINT WARNING * * *
The hound completely misses you. You block the hound's attack.
The hound attacks as you move away! The hound bites you but does no damage.
The hound completely misses you.
You hit the hound but do no damage.
The hound is poisoned.
The hound is severely wounded.
Your surroundings suddenly seem different.
Found a staircase to the Lair.
You are no longer corroded.
You feel like a meek peon again.
The electric eel shoots out a bolt of lightning at you!
The bolt of electricity hits you.
* * * LOW HITPOINT WARNING * * *
The electric eel shoots out a bolt of lightning at you!
The bolt of electricity misses you.
The electric eel shoots out a bolt of lightning at you!
The bolt of electricity misses you.
The electric eel shoots out a bolt of lightning at you!
The bolt of electricity hits you!
* * * LOW HITPOINT WARNING * * *
The electric eel shoots out a bolt of lightning at you!
The bolt of electricity hits you.
You die...

##...~≈≈~≈~~.....~~≈~~.~.
.~≈≈≈≈≈≈≈~~~~.~≈≈~...
≈≈≈≈.≈≈≈≈≈≈~≈≈~.~..
.~~.~≈≈S≈≈≈≈≈~≈≈...
~~..~≈≈≈≈≈≈≈≈..~~..
.~.~..~~≈≈≈≈≈......
......~~~~~~~.....
####.#.#.######## #.#.+@#
# #.#.# #.#.# # #.# #.#
..# ..# #.+ ..#


You could see an electric eel.

Vanquished Creatures
  A two-headed ogre (D:9)
  Maggie (D:6)
  2 trolls (D:10)
  Prince Ribbit (D:9)
  A shadow (D:9)
  A yak (D:6)
  2 wyverns
  Eustachio (D:5)
  2 steam dragons
  Menkaure (D:5)
  Edmund (D:6)
  4 water moccasins
  4 orc warriors
  An ice beast (D:8)
  5 sky beasts
  2 black bears (D:6)
  4 centaurs
  An ogre (D:6)
  A wolf (D:10)
  2 phantoms (D:6)
  2 kobold brigands
  3 necrophages
  A bullfrog (D:7)
  A gnoll sergeant (D:7)
  5 scorpions
  14 wights
  A howler monkey (D:5)
  2 jellies (D:6)
  3 hounds
  7 orc priests
  A gnoll bouda (D:7)
  6 iguanas
  2 orc wizards (D:9)
  Robin (D:3)
  15 gnolls
  12 adders
  3 shadow imps
  2 white imps (D:7)
  An ufetubus (D:5)
  3 worms
  34 orcs
  11 endoplasms
  A giant cockroach (D:1)
  16 goblins
  9 hobgoblins
  A jackal (D:4)
  17 kobolds
  2 quokkas
  5 ball pythons
  4 bats
  3 frilled lizards
  6 rats
232 creatures vanquished.

Notes
Turn   | Place    | Note
-------+----------+-------------------------------------------
     0 | D:1      | Kazon the Barachi Fighter began the quest for the Orb.
     0 | D:1      | Reached XP level 1. HP: 18/18 MP: 1/1
    42 | D:1      | Identified a scroll of acquirement
    43 | D:1      | Acquired the +1 cloak of Doampir {Rampage rF+ rN+++ Str-4}
   224 | D:1      | Reached XP level 2. HP: 24/25 MP: 2/2
   698 | D:2      | Reached skill level 3 in Long Blades
   698 | D:2      | Reached XP level 3. HP: 21/30 MP: 3/3
  1273 | D:2      | Reached XP level 4. HP: 33/38 MP: 4/4
  1417 | D:3      | Found Umat's Antique Weapon Boutique.
  1589 | D:3      | Noticed Robin
  1605 | D:3      | Killed Robin
  1652 | D:3      | Reached XP level 5. HP: 40/43 MP: 5/5
  1842 | D:3      | Reached skill level 5 in Long Blades
  1842 | D:3      | Reached skill level 5 in Throwing
  1842 | D:3      | Reached skill level 5 in Stealth
  1842 | D:3      | Reached skill level 5 in Shields
  1842 | D:3      | Reached XP level 6. HP: 53/53 MP: 6/6
  2302 | D:4      | Reached XP level 7. HP: 59/59 MP: 7/7
  2785 | D:4      | Found a hazy altar of Hepliaklqana.
  2858 | D:5      | Entered Level 5 of the Dungeon
  2883 | D:5      | Noticed Menkaure
  2894 | D:5      | Killed Menkaure
  2895 | D:5      | Reached skill level 6 in Long Blades
  2895 | D:5      | Reached XP level 8. HP: 52/65 MP: 8/8
  3160 | D:5      | You fall into a shaft and drop 1 floor!
  3198 | D:7      | Reached skill level 5 in Short Blades
  3238 | D:7      | Found a hide-covered altar of Uskayaw.
  3239 | D:7      | Found a staircase to the Ecumenical Temple.
  3252 | Temple   | Entered the Ecumenical Temple
  3259 | Temple   | Became a worshipper of Warmaster Okawaru
  3406 | D:5      | Noticed Eustachio
  3417 | D:5      | Killed Eustachio
  3740 | D:5      | Reached * piety under Okawaru
  3741 | D:5      | Reached XP level 9. HP: 70/71 MP: 9/9
  3989 | D:6      | Reached skill level 1 in Evocations
  4049 | D:6      | Reached skill level 1 in Invocations
  4600 | D:6      | Noticed Edmund
  4603 | D:6      | Killed Edmund
  4609 | D:6      | Reached skill level 7 in Long Blades
  4618 | D:6      | Reached ** piety under Okawaru
  4858 | D:6      | Reached XP level 10. HP: 77/79 MP: 11/11
  4903 | D:6      | Noticed Maggie
  4928 | D:6      | Killed Maggie
  5303 | D:7      | Reached skill level 5 in Dodging
  5516 | D:7      | Reached *** piety under Okawaru
  5521 | D:7      | Found a white marble altar of Elyvilon.
  5605 | D:7      | Reached skill level 8 in Long Blades
  5867 | D:8      | Found Quzidd's Magic Scroll Emporium.
  5872 | D:8      | Bought a scroll of teleportation for 42 gold pieces
  6150 | D:8      | Found Zoxtaeshakh's Jewellery Boutique.
  6200 | D:8      | Found Heidghoki's Jewellery Shop.
  6370 | D:8      | Found Esumer's Weapon Shop.
  6625 | D:9      | Noticed Prince Ribbit
  6656 | D:9      | Killed Prince Ribbit
  7124 | D:9      | Reached **** piety under Okawaru
  7287 | D:9      | Noticed a two-headed ogre
  7313 | D:9      | Killed a two-headed ogre
  7314 | D:9      | Reached XP level 11. HP: 43/86 MP: 11/13
  7368 | D:10     | Entered Level 10 of the Dungeon
  7456 | D:10     | Received a gift from Okawaru
  7503 | D:10     | Found a staircase to the Lair.
  7514 | D:10     | HP: 1/86 [electric eel/bolt of electricity (10)]
  7514 | D:10     | Killed from afar by an electric eel

Illustrated notes

Levels and vault maps discovered:
D:1:      dpeg_arrival_three_smaller_balls, layout_basic
D:2:      layout_loops_ring
D:3:      layout_basic, serial_shops, nicolae_shop_stone, st_stairs_9,
          minmay_misc_feat_doors, eino_curves_03, uniq_robin
D:4:      minmay_wonky_spiral, layout_basic,
          mainiacjoe_overflow_surrounded_room, minivault_5
D:5:      layout_cave_pods, uniq_menkaure, uniq_eustachio
D:6:      cheibrodos_barr_body, layout_basic, minmay_crystal_room,
          minmay_pentangle, uniq_maggie, uniq_edmund
D:7:      layout_cave_pools, nicolae_uskayaw_murder_on_the_dancefloor,
          elyvilon_altar_4, minmay_temple_entry_purple_smoke
D:8:      layout_basic, serial_shops, shop_statue, kennysheep_little_box, shop,
          nicolae_shop_window_shopping
D:9:      layout_cave_pools, uniq_prince_ribbit1
D:10:     layout_stronghold, erik_lair_island, serial_shops,
          nicolae_shop_statue_plus, uniq_erolcha
Temple:   nicolae_temple_bog_church

Skill      XL: |  1  2  3  4  5  6  7  8  9 10 |
---------------+-------------------------------+-----
Armour         | 4 6 7 |  7.6
Long Blades    | 3 5 6 7 8 |  8.8
Fighting       | 4 6 7 |  7.9
Shields        | 4 5 6 |  6.9
Short Blades   | 4 5 |  5.6
Throwing       | 5 6 |  6.2
Dodging        | 4 5 |  5.6
Stealth        | 5 6 |  6.3
Evocations     | 2 4 |  4.2
Invocations    | 2 3 |  3.7

Action                   |  1- 3 |  4- 6 |  7- 9 | 10-12 || total
-------------------------+-------+-------+-------+-------++-------
Melee: Long sword        |   116 |       |   237 |   328 ||   681
       Dagger            |    21 |   111 |   195 |   110 ||   437
Throw: Stone             |    12 |    16 |    15 |    66 ||   109
       Boomerang         |       |     9 |    11 |    10 ||    30
Invok: Heroism           |       |       |     1 |     4 ||     5
 Abil: Hop               |     1 |       |       |       ||     1
Evoke: Wand              |       |       |     1 |     2 ||     3
  Use: Scroll            |     1 |       |     2 |     2 ||     5
       Potion            |       |     1 |     2 |     2 ||     5
 Stab: Sleeping          |       |       |     9 |    11 ||    20
       Paralysed         |       |       |     5 |       ||     5
Armor: Scale mail        |    72 |    30 |   129 |       ||   231
       Leather armour    |       |       |    81 |   162 ||   243
Dodge: Dodged            |    63 |    31 |   228 |   253 ||   575
Block: Buckler           |    31 |    17 |    99 |   105 ||   252
